 Dungeon Crawl Stone Soup version 0.29.0-5-ge4962eb29e (webtiles) character file.

Game seed: 14897674284558670903

24 ProzacElf the Trooper (level 2, 0/25 HPs)
             Began as a Palentonga Abyssal Knight on Aug 29, 2022.
             Was a Believer of Lugonu.
             Slain by a quokka (2 damage)
             ... on level 2 of the Dungeon.
             The game lasted 00:02:08 (1069 turns).

ProzacElf the Trooper (Palentonga Abyssal Knight)   Turns: 1069, Time: 00:02:09

Health: 0/25       AC:  4    Str: 18    XL:     2   Next: 79%
Magic:  4/4        EV:  9    Int: 10    God:    Lugonu [**....]
Gold:   81         SH:  0    Dex: 10    Spells: 1/1 levels left

rFire   . . .      SeeInvis +   a - +1 mace
rCold   . . .      Faith    .   (no shield)
rNeg    . . .      Spirit   .   b - +0 leather armour
rPois   .          Reflect  .   (no helmet)
rElec   .          Harm     .   (no cloak)
rCorr   .          Rampage  .   (no gloves)
Will    .....                   (no barding)
Stlth   +.........              (no amulet)
HPRegen 0.08/turn               (no ring)
MPRegen 0.09/turn               (no ring)

@: no status effects
A: large, rugged brown scales 3, see invisible, deformed body, roll 1, armoured
tail
a: Rolling Charge, Renounce Religion, Depart the Abyss, Bend Space


You were on level 2 of the Dungeon.
You worshipped Lugonu.
Lugonu was pleased with you.
You visited 1 branch of the dungeon, and saw 2 of its levels.
You visited the Abyss 1 time.

You collected 81 gold pieces.

Inventory:

Hand Weapons
 a - a +1 mace (weapon)
Missiles
 h - 3 curare-tipped darts (quivered)
Armour
 b - a +0 leather armour (worn)
Scrolls
 c - a scroll of enchant armour {unknown}
 d - a scroll of enchant weapon {unknown}
 e - 3 scrolls of identify {unknown}
 i - a scroll of torment {unknown}
 l - a scroll of immolation {unknown}
Potions
 f - 2 potions of resistance {unknown}
 g - a potion of curing {unknown}
 j - a potion of invisibility {unknown}
 k - a potion of lignification {unknown}


   Skills:
 - Level 3.0 Fighting
 + Level 2.7 Maces & Flails
 - Level 1.5 Armour
 - Level 0.7 Dodging
 + Level 2.9 Invocations


You had one spell level left.
You didn't know any spells.
Your spell library was empty.

Dungeon Overview and Level Annotations

Branches:
Dungeon (2/15)

Altars:


Innate Abilities, Weirdness & Mutations

You are completely covered in rugged brown scales. (AC +3, +7% HP)
You have supernaturally acute eyesight. (SInv)
Armour fits poorly on your strangely shaped body.
You can roll at nearby foes to attack.
You have a long armoured tail.


Message History

Tha quokka bites ye but does nay damage.
Ye hit tha worm.
Ye tail-slap tha worm.
Ye kill tha worm!
Lugonu accepts yer kill.
Tha quokka bites ye.
Ye take 2 damage, an' haf 16/25 hp.
Ye barely miss tha quokka.
Tha quokka bites ye but does nay damage.
Tha quokka bites ye.
Ye take 2 damage, an' haf 14/25 hp.
Ye hit tha quokka but do nay damage.
Tha quokka barely misses ye.
Tha goblin closely misses ye.
Tha quokka bites ye but does nay damage.
Ye barely miss tha quokka.
Tha quokka closely misses ye.
Tha goblin hits ye but does nay damage.
Ye hit tha quokka.
Tha quokka be moderately wounded.
Tha quokka bites ye but does nay damage.
Tha goblin hits ye wit' a +0 club.
Tha quokka barely misses ye.
Ye take 3 damage, an' haf 12/25 hp.
Ye be too injured ta fight recklessly!
Ye be too injured ta fight recklessly!
Ye be too injured ta fight recklessly!
Ye be too injured ta fight recklessly!
Ye be too injured ta fight recklessly!
Ye miss tha quokka.
Tha quokka be moderately wounded.
Tha goblin hits ye but does nay damage.
Tha quokka twitches its whiskers.
Tha quokka barely misses ye.
Tha goblin hits ye but does nay damage.
Ye closely miss tha quokka.
Tha quokka be moderately wounded.
Tha quokka bites ye.
Tha goblin hits ye wit' a +0 club.
* * * LOW HITPOINT WARNIN'
* * * Tha quokka bites ye.
* * * LOW HITPOINT WARNIN'
* * * Ye take 10 damage, an' haf 2/25 hp.
MASSIVE DAMAGE!!
Okay, than.
Tha quokka attacks as ye move away!
Tha quokka bites ye.
Ye die...

#.##.#[# #.
#.)..#.###....
###...........
###..####..
#..## ### #...#
..# #####..##
### ..#
......#..##.....
..#
.......r@....#
..#
.......g..#..#
..#
.............#
..#
....##'##...>#
..# .... ~~
##.## .###### ..
+~~ .<# ........
#~~ #.# .####.##
### ####.# #..>.
#.#.#.##.#


You could see a quokka and a goblin.

Vanquished Creatures
  A worm (D:2)
  A dart slug (D:1)
  3 endoplasms
  2 giant cockroaches
  A goblin (D:2)
  2 hobgoblins
  A quokka (D:1)
  3 ball pythons
  A kobold (D:2)
  3 rats
18 creatures vanquished.

Notes
Turn   | Place    | Note
-------+----------+-------------------------------------------
     0 | Abyss:1  | ProzacElf the Palentonga Abyssal Knight began the quest for
                  | the Orb.
     0 | Abyss:1  | Reached XP level 1. HP: 19/19 MP: 2/2
     1 | D:1      | Escaped the Abyss
   287 | D:1      | Reached XP level 2. HP: 23/25 MP: 3/3
   416 | D:1      | Found a faded altar of an unknown god.
  1069 | D:2      | Slain by a quokka

Illustrated notes

Levels and vault maps discovered:
D:1:      dpeg_arrival_pits, layout_loops_ring, chequers_ecumenical_altar_twisty
D:2:      layout_basic, minmay_liquid_box

Action                   || total
-------------------------++-------
Melee: Mace              ||    54
       Tailslap          ||     5
 Stab: Sleeping          ||     1
Armor: Leather armour    ||    19
Dodge: Dodged            ||    30
